 Dungeon Crawl Stone Soup version 0.32-a0-468-g38b2580584 (webtiles) character file.

Game seed: 16265482594403374444

84 cforsyth the Trooper (level 4, -8/35 HPs)
             Began as a Coglin Gladiator on Feb 24, 2024.
             Mangled by Sigmund
             ... wielding a +3 scythe of protection
              (11 damage)
             ... on level 2 of the Dungeon.
             The game lasted 00:02:06 (1743 turns).

cforsyth the Trooper (Coglin Gladiator)             Turns: 1743, Time: 00:02:06

Health: -8/35      AC:  4    Str: 16    XL:     4   Next: 46%
Magic:  4/4        EV: 12    Int:  8    God:
Gold:   41         SH:  0    Dex: 15    Spells: 3/3 levels left

rFire   . . .        a - +0 war axe {Chisato}
rCold   . . .        (no shield)
rNeg    . . .        b - +0 leather armour
rPois   .            c - +0 helmet
rElec   .            (no cloak)
rCorr   .            (no gloves)
SInv    .            (no boots)
Will    .....        (no amulet)
Stlth   +            (ring unavailable)
HPRegen 0.25/turn    (ring unavailable)
MPRegen 0.09/turn

%: no passive effects
@: confused, invisible, revved
A: off-hand wielding, slow wielding, warmup strikes, no rings
a: no special abilities


You were on level 2 of the Dungeon.
You visited 1 branch of the dungeon, and saw 2 of its levels.

You collected 41 gold pieces.


Innate Abilities, Weirdness & Mutations

You can wield a second weapon in your off-hand.
It takes a long time for you to wield or remove held weapons.
Your first few attacks do less damage.
Your grasper-arms cannot wear rings.


   Skills:
 + Level 3.5 Fighting
 - Level 3.0 Axes
 - Level 1.7 Throwing
 + Level 2.3 Armour
 - Level 2.6 Dodging


You had 3 spell levels left.
You didn't know any spells.
Your spell library contained the following spells:

 Spells                   Type           Power      Damage    Failure   Level
 Apportation              Tloc           0%         N/A       45%         1
 Necrotise                Necr           0%         1d4       45%         1
 Slow                     Hex            0%         N/A       45%         1
 Sting                    Conj/Alch      0%         1d3       45%         1
 Summon Small Mammal      Summ           0%         N/A       45%         1
 Dazzling Flash           Conj/Hex       0%         N/A       83%         3
 Volatile Blastmotes      Fire/Tloc      0%         2d10      83%         3
 Starburst                Conj/Fire      0%         6d3       100%        6
 Maxwell's Capacitive Co  Air            0%         ∞         100%        8

Inventory:

Hand Weapons
 a - a +0 war axe (weapon) {Chisato}
Missiles
 d - 3 throwing nets (quivered) {=f}
 e - 4 javelins
Armour
 b - a +0 leather armour (worn)
 c - a +0 helmet (worn)
 l - a +0 cloak
Scrolls
 f - a scroll of noise {unknown}
 g - a scroll of blinking {unknown}
 h - a scroll of fear {unknown}
 j - 3 scrolls of amnesia {unknown}
 k - a scroll of identify {unknown}

Dungeon Overview and Level Annotations

Branches:
Dungeon (2/15)

Altars:

Shops:
D:1 :

Annotations:
D:2 Sigmund

# #..
.....##########
#...{@).)...#
#..########.# #
# #.# .# #.# ##
#.# #.# #.# ##
#.# .# #.#


There were no monsters in sight!


Message History

Sigmund misses you.
You hit Sigmund but do no damage.
Sigmund hits you with a +3 scythe of protection.
* * * LOW HITPOINT WARNING * * *
You hit Sigmund.
Sigmund is lightly wounded.
You hit Sigmund but do no damage.
Sigmund is lightly wounded.
Sigmund hits you with a +3 scythe of protection.
* * * LOW HITPOINT WARNING * * *
You closely miss Sigmund.
Sigmund is lightly wounded.
Sigmund hits you with a +3 scythe of protection.
* * * LOW HITPOINT WARNING * * *
You barely miss Sigmund.
Sigmund is lightly wounded.
Sigmund gestures wildly while chanting.
Sigmund flickers and vanishes!
Deactivating autopickup; reactivate with Ctrl-A.
It was a potion of invisibility.
You fade into invisibility!
You hear some strange, mumbled words.
A magic dart appears from out of thin air!
The magic dart hits you.
* * * LOW HITPOINT WARNING * * *
You closely miss something.
You hear some strange, mumbled words.
You are confused.
Something hits you!
You die...

Skill      XL: |  1  2  3 |
---------------+----------+-----
Armour         | 1 2 |  2.3
Fighting       | 3 |  3.5
Axes           | |  3.0
Throwing       | |  1.7
Dodging        | |  2.6

Action                     |  1- 3 |  4- 6 || total
---------------------------+-------+-------++-------
  Melee: War axe           |   139 |    47 ||   186
    Use: Potion            |       |     1 ||     1
   Stab: Sleeping          |     1 |     1 ||     2
 Armour: Leather armour    |    80 |    33 ||   113
  Dodge: Dodged            |   109 |    23 ||   132

Levels and vault maps discovered:
D:1:      sevenhm_arrival_forest_fort_large_2, layout_loops_corners,
          serial_shops, nicolae_shop_real_fake_doors,
          shapermc_ecumenical_altar_rom_forum, minmay_bisected
D:2:      layout_loops_ring, minmay_cupped, uniq_crazy_yiuf_cottage,
          uniq_sigmund

Notes
Turn   | Place    | Note
-------+----------+-------------------------------------------
     0 | D:1      | cforsyth the Coglin Gladiator began the quest for the Orb.
     0 | D:1      | Reached XP level 1. HP: 16/16 MP: 1/1
   120 | D:1      | Reached XP level 2. HP: 23/23 MP: 2/2
   138 | D:1      | Reached skill level 1 in Armour
   317 | D:1      | Found a faded altar of an unknown god.
   332 | D:1      | Got Plato's Precepts of Beguiling
   349 | D:1      | Reached XP level 3. HP: 28/28 MP: 3/3
   394 | D:1      | Found Gucuwip's Book Emporium.
   708 | D:1      | Reached skill level 3 in Fighting
  1266 | D:2      | Reached skill level 2 in Armour
  1305 | D:2      | Reached XP level 4. HP: 24/35 MP: 4/4
  1733 | D:2      | Noticed Sigmund
  1742 | D:2      | HP: 3/35 [something/magic dart (5)]
  1743 | D:2      | Mangled by Sigmund

Vanquished Creatures
  2 adders (D:2)
  A ribbon worm (D:2)
  4 dart slugs (D:1)
  An orc (D:2)
  3 ball pythons
  2 endoplasms (D:2)
  3 giant cockroaches
  6 goblins
  6 hobgoblins
  2 jackals (D:1)
  3 quokkas
  4 bats
  7 frilled lizards
  3 kobolds (D:2)
  5 rats
52 creatures vanquished.

Table legend: (Time is in decaauts)
 A = Elapsed time spent in this place.
 B = Non-inter-level travel time spent in this place.
 C = Inter-level travel time spent in this place.
 D = Time resting spent in this place.
 E = Time spent auto-exploring this place.
 F = Levels seen in this place.
 G = Mean time per level.
                   A        B        C        D        E       F      G
               +--------+--------+--------+--------+--------+-----+--------+
         Total |   1807 |   1739 |     68 |      0 |   1315 |   2 |  903.5 |
       Dungeon |   1807 |   1739 |     68 |      0 |   1315 |   2 |  903.5 |
               +--------+--------+--------+--------+--------+-----+--------+

Top non-repeatable levels by time:
     D:1: 1162 daAuts
     D:2: 645 daAuts

Table legend:
 A = Non-vault XP
 B = Vault XP
 C = Vault XP percentage of total XP
 D = Non-vault monster count
 E = Vault monster count
 F = Vault count percentage of total count
                 A         B        C        D         E       F
            +---------+---------+-------+---------+---------+-------
      Total |     107 |      14 |  11.6 |      45 |       7 |  13.5
            +---------+---------+-------+---------+---------+-------
        D:1 |      47 |       9 |  16.1 |      25 |       4 |  13.8
        D:2 |      60 |       5 |   7.7 |      20 |       3 |  13.0
            +---------+---------+-------+---------+---------+-------
